[Event "Team 45 45 League T39"]
[Site "Internet Chess Club"]
[Date "2008.11.16"]
[Round "4"]
[White "Zappy"]
[Black "Portola"]
[Result "0-1"]
[WhiteElo "1549"]
[BlackElo "1694"]
[Opening "French: exchange variation"]
[ECO "C01"]
[Time "17:06:08"]
[TimeControl "2700+45"]

1. e4 e6 2. d4 d5 3. exd5 exd5 4. c4 Nf6 5. Nc3 Be7 6. Nf3 O-O 7. Be2 c6 8. Bf4
Bf5 9. O-O Nbd7 10. Ne5 Nxe5 11. Bxe5 Be6 12. c5 Nd7 13. Bg3 Bf6 14. f3 b6 15.
cxb6 axb6 16. Bf2 Bf5 17. Bd3 Bg6 18. Bxg6 hxg6 19. Qc2 Re8 20. Rfe1 Qc7 21.
Nxd5 Qb7 22. Nxf6+ Nxf6 23. a3 Nd5 24. Rxe8+ Rxe8 25. Re1 Rxe1+ 26. Bxe1 Qe7 27.
Bf2 Qe6 28. Kf1 Qd6 29. Bg3 Qxg3 30. hxg3 Ne3+ 31. Ke2 Nxc2 {White resigns} 0-1

[Event "Team 45 45 League T39"]
[Site "Internet Chess Club"]
[Date "2008.11.14"]
[Round "4"]
[White "Emrebey"]
[Black "ChessForce"]
[Result "1-0"]
[WhiteElo "1592"]
[BlackElo "1465"]
[Opening "English: Bremen, reverse dragon"]
[ECO "A22"]
[Time "13:11:45"]
[TimeControl "2700+45"]

1. c4 e5 2. Nc3 Nf6 3. g3 d5 4. cxd5 Nxd5 5. Bg2 Be6 6. Nf3 Nc6 7. O-O Qd7 8.
Ng5 Nxc3 9. bxc3 O-O-O 10. Nxe6 Qxe6 11. e3 Bc5 12. d4 exd4 13. cxd4 Be7 14. d5
Qf6 15. Qg4+ Kb8 16. Bb2 Ne5 17. Qe4 Bd6 18. f4 Qg6 19. fxe5 Qxe4 20. Bxe4 Bc5
21. Bd4 Be7 22. Rab1 b6 23. Rxf7 Bf8 24. d6 c5 25. Bxc5 Rc8 26. Bxb6 Rc4 27.
Bxa7+ Kc8 28. Rb8# {Black checkmated} 1-0

[Event "Team 45 45 League T39"]
[Site "Internet Chess Club"]
[Date "2008.11.16"]
[Round "4"]
[White "andrew0311"]
[Black "g8wrb"]
[Result "1-0"]
[WhiteElo "1469"]
[BlackElo "1374"]
[Opening "French: advance, Nimzovich system"]
[ECO "C02"]
[Time "09:20:08"]
[TimeControl "2700+45"]

1. e4 e6 2. d4 d5 3. e5 c5 4. Nf3 Nf6 5. exf6 gxf6 6. Be3 cxd4 7. Nxd4 Nc6 8.
Nxc6 bxc6 9. Bd3 Bd6 10. Nd2 f5 11. O-O h5 12. Nb3 Qe7 13. c4 h4 14. h3 e5 15.
cxd5 cxd5 16. Qc2 f4 17. Bxf4 exf4 18. Rae1 Be5 19. Qc6+ Kf8 20. Qxa8 Kg7 21.
Qxd5 f6 22. Nd4 Rh5 23. Nc6 Qf8 24. Nxe5 fxe5 25. Rxe5 Rxe5 26. Qxe5+ Qf6 27.
Qxf6+ Kxf6 28. Rc1 Bf5 29. Bxf5 Kxf5 30. Rc7 f3 31. gxf3 Kf4 32. Rxa7 Kf5 33.
Re7 Kf4 34. a4 Kxf3 35. a5 Kf4 36. a6 Kf3 37. a7 Kf4 38. a8=Q Kf5 39. Qf3+ Kg6
40. Re6+ {Black resigns} 1-0

[Event "Team 45 45 League T39"]
[Site "Internet Chess Club"]
[Date "2008.11.16"]
[Round "4"]
[White "Chessduke"]
[Black "Campagnolo"]
[Result "1/2-1/2"]
[WhiteElo "2092"]
[BlackElo "2085"]
[Opening "Two knights defense"]
[ECO "C56"]
[Time "05:00:16"]
[TimeControl "2700+45"]

1. e4 e5 2. Nf3 Nc6 3. Bc4 Nf6 4. d4 exd4 5. O-O Nxe4 6. Re1 d5 7. Bxd5 Qxd5 8.
Nc3 Qh5 9. Nxe4 Be6 10. Bg5 Bd6 11. Nxd6+ cxd6 12. Bf4 Qd5 13. c3 Rc8 14. Nxd4
Nxd4 15. Qxd4 Qxd4 16. cxd4 Kd7 {Game drawn by mutual agreement} 1/2-1/2

[Event "Team 45 45 League T39"]
[Site "Internet Chess Club"]
[Date "2008.11.14"]
[Round "4"]
[White "nosalt"]
[Black "Fegary"]
[Result "1/2-1/2"]
[WhiteElo "1985"]
[BlackElo "2122"]
[Opening "Ruy Lopez: classical defense, Benelux variation"]
[ECO "C65"]
[Time "09:17:48"]
[TimeControl "2700+45"]

1. e4 e5 2. Nf3 Nc6 3. Bb5 Nf6 4. O-O Bc5 5. c3 O-O 6. d4 Bb6 7. Bg5 d6 8. Bxc6
bxc6 9. dxe5 dxe5 10. Qxd8 Rxd8 11. Nxe5 Ba6 12. Nxc6 Bxf1 13. Nxd8 Bb5 14. Na3
Ba4 15. e5 Ne4 16. Be7 Bxf2+ 17. Kf1 Bc5 18. Bxc5 Nxc5 19. b3 Rxd8 20. bxa4 Nxa4
21. Nb5 Kf8 22. Re1 Rd5 23. Nxc7 Rc5 24. Na6 Rxc3 25. Nb4 Nb6 26. Rd1 Ke7 27.
Rd6 Ke8 28. Nc6 Nd7 29. e6 fxe6 30. Rxe6+ Kf8 31. Nxa7 Ra3 32. Nb5 Rxa2 33. Nd6
Nf6 34. h3 h5 35. g4 hxg4 36. hxg4 Ra5 37. Kg2 Ra4 38. Kf3 Rxg4 39. Rxf6+ gxf6
40. Kxg4 {Game drawn by mutual agreement} 1/2-1/2

[Event "Team 45 45 League T39"]
[Site "Internet Chess Club"]
[Date "2008.11.12"]
[Round "4"]
[White "DFME"]
[Black "chiiwen"]
[Result "0-1"]
[WhiteElo "1988"]
[BlackElo "2066"]
[Opening "Dutch"]
[ECO "A80"]
[Time "18:00:56"]
[TimeControl "2700+45"]

1. d4 f5 2. Nf3 Nf6 3. c4 g6 4. Nc3 Bg7 5. Bf4 d6 6. e3 O-O 7. Be2 c6 8. O-O h6
9. h3 Nbd7 10. d5 cxd5 11. Nxd5 Nxd5 12. Qxd5+ Kh7 13. Rab1 Nf6 14. Qd2 Be6 15.
b3 Ne4 16. Qc2 Rc8 17. Kh1 a6 18. Kg1 Bg8 19. Bd3 Nc5 20. Be2 Qe8 21. a4 a5 22.
Kh1 Kh8 23. Kg1 Bh7 24. h4 e5 25. Bh2 Qe7 26. Qc3 b6 27. Rfd1 g5 28. hxg5 hxg5
29. Rb2 g4 30. Ne1 Rf6 31. Rbd2 Rh6 32. Bg3 Ne4 33. Qc1 Qg5 34. Bd3 Qh5 35. Kf1
Nxd2+ 36. Qxd2 Rf8 37. Ke2 Rhf6 38. f4 gxf3+ 39. gxf3 f4 40. Bxh7 Kxh7 41. Bf2
fxe3 42. Qxe3 Kg8 43. Qxb6 e4 44. Rd5 exf3+ 45. Kd1 Qg6 46. Nd3 Bh6 47. Qxa5 Qe4
48. Qe1 Qh7 49. Qg1+ Rg6 50. Qe1 Qf7 51. a5 Re8 52. Qb4 Qg7 53. Qa4 Rg1+ 54. Ne1
Rexe1+ 55. Bxe1 Rxe1+ 56. Kc2 Rc1+ 57. Kd3 Qg6+ 58. Kd4 Bg7+ 59. Ke3 Rc3+ 60.
Kf2 Qg2+ 61. Ke1 Qe2# {White checkmated} 0-1

[Event "Team 45 45 League T39"]
[Site "Internet Chess Club"]
[Date "2008.11.16"]
[Round "4"]
[White "BenjaminSisko"]
[Black "KarloTurk"]
[Result "0-1"]
[WhiteElo "1599"]
[BlackElo "2099"]
[Opening "Sicilian: Katalimov variation"]
[ECO "B27"]
[Time "07:07:02"]
[TimeControl "2700+45"]

1. e4 c5 2. Nf3 b6 3. g3 Bb7 4. d3 g6 5. Bg2 Bg7 6. Nbd2 e6 7. O-O Ne7 8. Re1
O-O 9. c3 Nbc6 10. Nf1 d5 11. e5 Rc8 12. Bf4 Qd7 13. h4 d4 14. c4 a6 15. N1h2 b5
16. b3 bxc4 17. bxc4 Rb8 18. a3 Na5 19. Rb1 Bc6 20. Qe2 h5 21. Ng5 Bxg2 22. Kxg2
Qa4 23. Ne4 Rxb1 24. Rxb1 Qxa3 25. Qb2 Qxb2 26. Rxb2 Nac6 27. Nf3 Rc8 28. Nxc5
Nxe5 29. Nxa6 Nxd3 30. Rb8 Nxf4+ 31. gxf4 Rxb8 32. Nxb8 Kf8 33. Kf1 Ke8 34. Ke2
Kd8 35. Kd3 Nf5 36. Nc6+ Kc7 37. Nce5 Bf6 38. Nxf7 Nxh4 39. N7g5 Nxf3 40. Nxf3
Kd6 41. Ke4 Kc5 42. Kd3 h4 43. Ng1 Bd8 44. Nh3 Bc7 45. Ng5 Kc6 46. Nxe6 h3 47.
Nxd4+ Kc5 48. Ne6+ Kd6 {White resigns} 0-1

[Event "Team 45 45 League T39"]
[Site "Internet Chess Club"]
[Date "2008.11.16"]
[Round "4"]
[White "Rainbird"]
[Black "Cory"]
[Result "1-0"]
[WhiteElo "1825"]
[BlackElo "1537"]
[Opening "English opening"]
[ECO "A20"]
[Time "19:00:29"]
[TimeControl "2700+45"]

1. c4 e5 2. g3 Nc6 3. Bg2 Nf6 4. Nc3 d6 5. e4 Be6 6. d3 Be7 7. Nge2 Qd7 8. Nd5
Bg4 9. Be3 O-O-O 10. f3 Bh3 11. Bxh3 Qxh3 12. Qa4 Qg2 13. Rf1 Rhe8 14. Bxa7 Nxd5
15. cxd5 Nxa7 16. Qxa7 Bg5 17. h4 Bh6 18. g4 Qh2 19. Qf2 Qxf2+ 20. Kxf2 g5 21.
h5 Kd7 22. Ng3 Ra8 23. a4 Ra6 24. Rfc1 Rea8 25. b3 b5 26. Rab1 bxa4 27. bxa4
Rxa4 28. Rb7 R8a7 29. Rcxc7+ Kd8 30. Rxa7 {Black resigns} 1-0

[Event "Team 45 45 League T39"]
[Site "Internet Chess Club"]
[Date "2008.11.16"]
[Round "4"]
[White "BrerRabbit"]
[Black "tryanything"]
[Result "1-0"]
[WhiteElo "1650"]
[BlackElo "1685"]
[Opening "English opening"]
[ECO "A20"]
[Time "19:00:34"]
[TimeControl "2700+45"]

1. c4 e5 2. g3 Nf6 3. Bg2 c6 4. d4 e4 5. Nc3 d5 6. cxd5 cxd5 7. Bg5 Be7 8. Nh3
O-O 9. Nf4 Be6 10. Qb3 Qd7 11. e3 Rd8 12. O-O h6 13. Bxf6 Bxf6 14. f3 Bg5 15.
fxe4 Bxf4 16. Rxf4 dxe4 17. Qc2 Nc6 18. Bxe4 Nb4 19. Qf2 Nd5 20. Nxd5 Bxd5 21.
Bxd5 Qxd5 22. Qd2 Rd7 23. b3 Rad8 24. Rc1 b6 25. Qd3 Qe6 26. Rff1 Re8 27. Rfe1
Red8 28. Qc4 Qe4 29. Qc2 Qe6 30. Qd3 Qd5 31. Rc4 Qe6 32. Rec1 Re8 33. Rc8 Rdd8
34. Rxd8 Rxd8 35. Rc7 Re8 36. Rc3 g6 37. Qf1 Kg7 38. Qf3 Re7 39. Kf2 f5 40. Rc6
Qd7 41. Rc3 Qd6 42. Qc6 Qxc6 43. Rxc6 Rd7 44. Kf3 Kf7 45. Kf4 Re7 46. h4 Re4+
47. Kf3 Re7 48. Kf4 Re4+ 49. Kf3 Re7 50. Rc3 h5 51. Rc6 Re8 52. Ke2 Re7 53. Kd3
Re8 54. Rc3 Re7 55. Rc6 Re8 56. Kd2 Re7 57. Rc3 Re8 58. Rc7+ Re7 59. Rxe7+ Kxe7
60. Ke2 Kd6 61. Kf3 Ke6 62. Kf4 Kf6 63. Kf3 Ke6 64. Kf4 Kf6 65. Kf3 Ke6 66. Ke2
Kd5 67. Kd3 a6 68. a3 b5 69. Kc3 a5 70. Kd3 Kd6 71. e4 fxe4+ 72. Kxe4 Ke6 73.
d5+ Kd6 74. Kd4 b4 75. axb4 axb4 76. Kc4 Ke5 77. Kc5 Ke4 78. d6 Kf3 79. d7 Kxg3
80. d8=Q {Black resigns} 1-0

[Event "Team 45 45 League T39"]
[Site "Internet Chess Club"]
[Date "2008.11.17"]
[Round "4"]
[White "princeillini"]
[Black "bmw2002"]
[Result "0-1"]
[WhiteElo "1455"]
[BlackElo "1579"]
[Opening "Caro-Kann: exchange variation"]
[ECO "B13"]
[Time "20:09:51"]
[TimeControl "2700+45"]

1. e4 c6 2. d4 d5 3. exd5 cxd5 4. Nf3 Nf6 5. Bd3 Nc6 6. Bf4 Qb6 7. b3 Bd7 8. c3
e6 9. O-O Be7 10. Nbd2 O-O 11. Qc2 Rac8 12. Bg5 g6 13. Bh6 Rfe8 14. h3 Bd6 15.
Nh4 Nxd4 16. Qb1 Nf5 17. Nxf5 exf5 18. Qb2 Qc7 19. c4 Be5 20. Qb1 Bxa1 21. Qxa1
Qe5 22. Qxe5 Rxe5 23. Nf3 Ree8 24. Bg5 Ne4 25. cxd5 Nxg5 26. Nxg5 Re5 27. Bc4 b5
28. f4 Re3 29. Rc1 bxc4 30. bxc4 Ra3 31. c5 Ra5 32. Rd1 Rcxc5 33. Re1 Rxd5 34.
Re7 Be6 35. Re8+ Kg7 36. Re7 Rd6 37. Kh2 Bxa2 38. Nxf7 {White resigns} 0-1

[Event "Team 45 45 League T39"]
[Site "Internet Chess Club"]
[Date "2008.11.17"]
[Round "4"]
[White "AlPearson"]
[Black "Gupta"]
[Result "0-1"]
[WhiteElo "1444"]
[BlackElo "1555"]
[Opening "QGD Slav defense"]
[ECO "D10"]
[Time "20:30:22"]
[TimeControl "2700+45"]

1. c4 c6 2. d4 d5 3. b3 Bf5 4. Nf3 e6 5. e3 Nf6 6. h3 Nbd7 7. a3 Bd6 8. Bd3 dxc4
9. Bxf5 exf5 10. bxc4 c5 11. O-O Ne4 12. Nbd2 O-O 13. Qc2 Ndf6 14. Bb2 Rc8 15.
Rad1 Qc7 16. d5 Nxd2 17. Rxd2 Ne4 18. Rd3 Rfe8 19. Nd2 Rcd8 20. Nxe4 fxe4 21.
Rb3 b6 22. Rb1 Be5 23. Bxe5 Qxe5 24. a4 Rd6 25. Qa2 Rg6 26. a5 Qg5 27. g3 Rb8
28. axb6 axb6 29. Qa7 Qd8 30. Rf1 h5 31. f3 Rxg3+ 32. Kh2 Qd6 33. fxe4 Rf3+ 34.
Kg2 Qg3+ 35. Kh1 Qxh3+ 36. Kg1 Rxf1# {White checkmated} 0-1

[Event "Team 45 45 League T39"]
[Site "Internet Chess Club"]
[Date "2008.11.16"]
[Round "4"]
[White "arconia"]
[Black "Mudfrog"]
[Result "0-1"]
[WhiteElo "1300"]
[BlackElo "1455"]
[Opening "French defense"]
[ECO "C00"]
[Time "20:05:27"]
[TimeControl "2700+45"]

1. e4 e6 2. Nf3 d5 3. e5 c5 4. Be2 Nc6 5. O-O Nh6 6. b3 Nf5 7. c3 d4 8. cxd4
cxd4 9. d3 Qd5 10. Bf4 Bd7 11. Nbd2 Be7 12. Ne4 f6 13. exf6 gxf6 14. Bc1 e5 15.
Nfd2 O-O-O 16. Nc4 Rdg8 17. a4 Nd6 18. Ng3 f5 19. f4 e4 20. a5 e3 21. Bf3 Qb5
22. a6 Nxc4 23. axb7+ Qxb7 24. bxc4 Bh4 25. Ba3 Bxg3 26. hxg3 Rxg3 27. Bc5 Rhg8
28. Bxd4 Rxg2+ 29. Kh1 e2 30. Qe1 exf1=Q+ 31. Qxf1 R2g3 32. Rxa7 Rxf3 33. Qxf3
Nxa7 {White resigns} 0-1

[Event "Team 45 45 League T39"]
[Site "Internet Chess Club"]
[Date "2008.11.16"]
[Round "4"]
[White "C-Jones"]
[Black "rubo"]
[Result "1/2-1/2"]
[WhiteElo "1669"]
[BlackElo "1755"]
[Opening "Caro-Kann: exchange variation"]
[ECO "B13"]
[Time "20:10:27"]
[TimeControl "2700+45"]

1. e4 c6 2. d4 d5 3. exd5 cxd5 4. Nf3 Nc6 5. Bb5 Nf6 6. Ne5 Bd7 7. Nxd7 Qxd7 8.
O-O e6 9. Bf4 Be7 10. Nd2 O-O 11. Nf3 Rfc8 12. c3 a6 13. Bd3 b5 14. a3 g6 15.
Ne5 Qd8 16. Ng4 Nxg4 17. Qxg4 Bf6 18. Qe2 Na5 19. Rab1 Bg7 20. Be5 Bxe5 21. Qxe5
Nc4 22. Bxc4 Rxc4 23. Rfd1 Rac8 24. g3 {Game drawn by mutual agreement} 1/2-1/2

[Event "Team 45 45 League T39"]
[Site "Internet Chess Club"]
[Date "2008.11.15"]
[Round "4"]
[White "GamePlayer"]
[Black "noblitz-oblige"]
[Result "1-0"]
[WhiteElo "1796"]
[BlackElo "1592"]
[Opening "Scotch game"]
[ECO "C45"]
[Time "09:50:09"]
[TimeControl "2700+45"]

1. e4 e5 2. Nf3 Nc6 3. d4 exd4 4. Nxd4 Nxd4 5. Qxd4 d6 6. Bc4 Nf6 7. Nc3 Be7 8.
Bf4 a6 9. O-O O-O 10. Rad1 Bg4 11. f3 Bd7 12. e5 c5 13. Qe3 dxe5 14. Bxe5 Qc8
15. Nd5 Nxd5 16. Bxd5 Re8 17. Qb3 c4 18. Qxc4 Bb5 19. Qf4 Bf6 20. Bxf6 Bxf1 21.
Bxg7 Bxg2 22. Qxf7# {Black checkmated} 1-0

[Event "Team 45 45 League T39"]
[Site "Internet Chess Club"]
[Date "2008.11.15"]
[Round "4"]
[White "PostMike"]
[Black "rayngrant"]
[Result "0-1"]
[WhiteElo "1550"]
[BlackElo "1592"]
[Opening "French: Tarrasch, open variation, main line"]
[ECO "C09"]
[Time "08:33:03"]
[TimeControl "2700+45"]

1. e4 e6 2. d4 d5 3. Nd2 c5 4. Ngf3 Nc6 5. exd5 exd5 6. Bb5 Nf6 7. Ne5 Bd7 8.
Nxd7 Nxd7 9. Nf3 Qa5+ 10. c3 Qxb5 11. a4 Qa5 12. Qe2+ Be7 13. Bd2 Qc7 14. O-O
O-O 15. b3 Rae8 16. Rfe1 Nf6 17. Be3 cxd4 18. cxd4 Bb4 19. Rec1 Ng4 20. Qd3 Nxe3
21. fxe3 Qe7 22. Kf2 Qe4 23. Qxe4 Rxe4 24. Rc2 Rfe8 25. Re2 f6 26. h3 R8e7 27.
g4 h6 28. Rd1 Kf7 29. Nh4 g6 30. Ng2 g5 31. Rc2 Kg6 32. Rdc1 R4e6 33. Re2 Nxd4
{White resigns} 0-1

[Event "Team 45 45 League T39"]
[Site "Internet Chess Club"]
[Date "2008.11.14"]
[Round "4"]
[White "Trevorking"]
[Black "curtintime"]
[Result "1-0"]
[WhiteElo "1561"]
[BlackElo "1355"]
[Opening "Ruy Lopez: Steinitz defense deferred (Russian defense)"]
[ECO "C79"]
[Time "20:08:27"]
[TimeControl "2700+45"]

1. e4 e5 2. Nf3 Nc6 3. Bb5 a6 4. Ba4 Nf6 5. O-O d6 6. Re1 Bg4 7. h3 Bh5 8. g4
Nxg4 9. hxg4 Bxg4 10. d3 b5 11. Bb3 Nd4 12. Nbd2 Qf6 13. Re3 Qg6 14. Kf1 h5 15.
c3 Nxf3 16. Nxf3 h4 17. Bd5 Rc8 18. Bc6+ Bd7 19. Bxd7+ Kxd7 20. Nh2 Be7 21. Rh3
Qe6 22. Qg4 Qxg4 23. Nxg4 Rh5 24. d4 c6 25. dxe5 dxe5 26. Be3 Ke6 27. Ke2 g6 28.
Rah1 a5 29. f3 c5 30. Bf2 g5 31. Ne3 c4 32. Nf5 Bf8 33. a3 b4 34. axb4 axb4 35.
cxb4 Bxb4 36. Ng7+ {Black resigns} 1-0

[Event "Team 45 45 League T39"]
[Site "Internet Chess Club"]
[Date "2008.11.14"]
[Round "4"]
[White "gezira"]
[Black "Majamutu"]
[Result "1-0"]
[WhiteElo "2262"]
[BlackElo "2058"]
[Opening "Sicilian defense"]
[ECO "B30"]
[Time "16:00:12"]
[TimeControl "2700+45"]

1. e4 c5 2. Nf3 Nc6 3. Nc3 e5 4. a3 Be7 5. Bc4 d6 6. Nd5 Nf6 7. d3 h6 8. O-O O-O
9. Be3 Rb8 10. b4 Bg4 11. bxc5 dxc5 12. Nxf6+ Bxf6 13. Bxc5 Re8 14. h3 Bh5 15.
Be3 Nd4 16. g4 Bg6 17. c3 Nc6 18. Rb1 b6 19. Qe2 Qe7 20. a4 Rbc8 21. Rfc1 Red8
22. Rb5 Rc7 23. Rd5 Rxd5 24. Bxd5 Qa3 25. Qd1 Na5 26. c4 Nc6 27. c5 Nd4 28. Nxd4
exd4 29. cxb6 Rxc1 30. Bxc1 Qe7 31. Ba3 Qd7 32. b7 Be5 33. Qc1 Bc7 34. Bc5 h5
35. Qg5 Bh7 36. Bxd4 {Black resigns} 1-0

[Event "Team 45 45 League T39"]
[Site "Internet Chess Club"]
[Date "2008.11.16"]
[Round "4"]
[White "Intelectual"]
[Black "alin"]
[Result "0-1"]
[WhiteElo "1889"]
[BlackElo "2104"]
[Opening "Réti opening"]
[ECO "A05"]
[Time "14:09:31"]
[TimeControl "2700+45"]

1. Nf3 Nf6 2. b3 d5 3. e3 Bg4 4. Bb2 e6 5. Be2 c5 6. O-O Be7 7. d4 Nbd7 8. Nbd2
O-O 9. c4 cxd4 10. Nxd4 Bxe2 11. Qxe2 Rc8 12. Rfd1 Qa5 13. a3 Rfd8 14. b4 Qa6
15. Rac1 dxc4 16. Rxc4 Rxc4 17. Qxc4 Qd6 18. Nb5 Qb8 19. Nf3 a6 20. Nc3 b5 21.
Qe2 Nb6 22. Rxd8+ Qxd8 23. Nd4 Qd7 24. Bc1 e5 25. Nb3 e4 26. Nd2 Qc6 27. Bb2 h6
28. f3 exf3 29. gxf3 Ne8 30. Qd3 Nd6 31. Nce4 Nbc4 32. Nxc4 Nxc4 33. Bd4 a5 34.
Bc5 Bxc5 35. bxc5 f5 36. Nd2 Qxc5 37. Nxc4 Qxc4 38. Qxf5 b4 39. axb4 axb4 40.
Kf2 b3 41. Kg3 Qc2 42. Qd5+ Kh7 43. e4 b2 44. Qf5+ Kg8 45. Qe6+ Kh8 46. Qe8+ Kh7
47. Qf7 b1=Q 48. Qf5+ Kg8 49. Qe6+ Kh8 {White resigns} 0-1

[Event "Team 45 45 League T39"]
[Site "Internet Chess Club"]
[Date "2008.11.18"]
[Round "4"]
[White "mitus"]
[Black "cesaralexander"]
[Result "1/2-1/2"]
[WhiteElo "1942"]
[BlackElo "1942"]
[Opening "French: Winawer, Alekhine (Maróczy) gambit"]
[ECO "C15"]
[Time "14:33:11"]
[TimeControl "2700+45"]

1. e4 e6 2. d4 d5 3. Nc3 Bb4 4. Ne2 Nf6 5. a3 Be7 6. e5 Nfd7 7. Be3 c5 8. f4 Nc6
9. Qd2 b6 10. O-O-O Ba6 11. f5 cxd4 12. Nxd4 Nxd4 13. Qxd4 Bxf1 14. Rhxf1 Bc5
15. Qf4 Bxe3+ 16. Qxe3 a6 17. fxe6 fxe6 18. Qg3 Qe7 19. Ne2 O-O-O 20. Nd4 Kb7
21. Rf2 Rdf8 22. Rdf1 Rxf2 23. Rxf2 Rf8 24. Rxf8 Nxf8 25. Kb1 Qf7 26. Ka2 Qc7
27. Qg5 Qc4+ 28. Nb3 Qc7 29. Nd4 Qc4+ 30. Nb3 Qc7 31. Nd4 {Game drawn by
repetition} 1/2-1/2

[Event "Team 45 45 League T39"]
[Site "Internet Chess Club"]
[Date "2008.11.13"]
[Round "4"]
[White "BadHabitMarco"]
[Black "f5"]
[Result "0-1"]
[WhiteElo "2007"]
[BlackElo "2215"]
[Opening "Sicilian: Pelikan (Lasker/Sveshnikov) variation"]
[ECO "B33"]
[Time "12:01:11"]
[TimeControl "2700+45"]

1. e4 c5 2. Nf3 Nc6 3. d4 cxd4 4. Nxd4 Nf6 5. Nc3 e5 6. Ndb5 d6 7. Nd5 Nxd5 8.
exd5 Nb8 9. Qf3 a6 10. Qa3 Be7 11. Bg5 f6 12. Bd2 O-O 13. Ba5 b6 14. Bb4 Qd7 15.
Nc3 f5 16. Qb3 Qc7 17. Be2 Nd7 18. a4 Nc5 19. Qc4 Bb7 20. O-O Rac8 21. f4 Bf6
22. g4 exf4 23. Qxf4 Be5 24. Qg5 Ne4 25. Nxe4 fxe4 26. Rxf8+ Rxf8 27. Rf1 Rxf1+
28. Kxf1 Bxd5 29. Bxa6 Bc4+ 30. Bxc4+ Qxc4+ 31. Kf2 h6 32. Qd2 e3+ {White
resigns} 0-1

[Event "Team 45 45 League T39"]
[Site "Internet Chess Club"]
[Date "2008.11.16"]
[Round "4"]
[White "andy4226uk"]
[Black "pishd"]
[Result "1/2-1/2"]
[WhiteElo "1855"]
[BlackElo "1756"]
[Opening "Caro-Kann: Tartakower (fantasy) variation"]
[ECO "B12"]
[Time "12:09:05"]
[TimeControl "2700+45"]

1. e4 c6 2. d4 d5 3. f3 dxe4 4. fxe4 e5 5. Nf3 Bg4 6. Bc4 Nd7 7. O-O Ngf6 8. c3
Qb6 9. Qd3 Bd6 10. Kh1 O-O 11. Bb3 Qc7 12. h3 Bh5 13. Nbd2 b5 14. a4 a6 15. Nh4
c5 16. axb5 axb5 17. Rxa8 Rxa8 18. Qxb5 cxd4 19. g4 dxc3 20. gxh5 cxd2 21. Bxf7+
Kh8 22. Bxd2 Qc2 23. Bd5 Rb8 24. Qxb8+ Nxb8 25. Rc1 Qxc1+ 26. Bxc1 Nxh5 27. Nf5
Bc5 28. Bd2 g6 29. Nh6 Kg7 30. Ng4 Kf8 31. Nxe5 Bd4 32. Bb4+ Kg7 33. Bd6 Na6 34.
b4 Nxb4 35. Nf3 Bc3 36. Bb7 h6 37. e5 Nf4 38. Bc8 Kf7 39. Kh2 Ne6 40. Kg3 Nc6
41. Bb7 Ncd4 42. Nxd4 Bxd4 43. Bd5 Bc3 44. Kg4 Bb2 45. h4 h5+ 46. Kf3 Bc1 47.
Bc5 Bd2 48. Be3 Bxe3 49. Kxe3 Ke7 50. Bxe6 Kxe6 51. Kf4 Kd5 52. Kg5 Kxe5 53.
Kxg6 Ke6 54. Kxh5 Kf7 {Game drawn by mutual agreement} 1/2-1/2

[Event "Team 45 45 League T39"]
[Site "Internet Chess Club"]
[Date "2008.11.16"]
[Round "4"]
[White "quotha"]
[Black "Karpyan"]
[Result "1-0"]
[WhiteElo "1669"]
[BlackElo "1846"]
[Opening "Queen's pawn game, Darooha variation "]
[ECO "D02"]
[Time "11:09:41"]
[TimeControl "2700+45"]

1. d4 d5 2. Nf3 Nf6 3. g3 c6 4. Bg2 Bf5 5. O-O e6 6. b3 Bd6 7. c4 Nbd7 8. Nc3
O-O 9. c5 Bc7 10. Nh4 Bg6 11. b4 e5 12. e3 Bh5 13. Qb3 Re8 14. a4 b6 15. b5 bxc5
16. bxc6 c4 17. Qb5 Nb6 18. a5 a6 19. Qc5 Nc8 20. Nxd5 Nxd5 21. Bxd5 exd4 22.
exd4 Bd6 23. Qxc4 Qc7 24. Be3 Ne7 25. Bg2 Ng6 26. Nf5 Bf8 27. d5 Ne5 28. Qc3 Bg6
29. Bb6 Qc8 30. Ne3 Bd6 31. Bc5 Qc7 32. Bxd6 Qxd6 33. Qa3 Rad8 34. Qxd6 Rxd6 35.
f4 Nxc6 36. Nc4 Rdd8 37. dxc6 Bd3 38. Rfd1 Bxc4 39. Rxd8 Rxd8 40. Rc1 Be6 41. c7
Re8 42. Bb7 Kf8 43. c8=Q Bxc8 44. Rxc8 Rxc8 45. Bxc8 Ke7 46. Bxa6 Kd6 47. Bb7
Kc7 48. a6 Kb6 49. Kf2 f6 50. Ke3 {Black resigns} 1-0

[Event "Team 45 45 League T39"]
[Site "Internet Chess Club"]
[Date "2008.11.15"]
[Round "4"]
[White "fredd"]
[Black "vaknight"]
[Result "0-1"]
[WhiteElo "1449"]
[BlackElo "1620"]
[Opening "Dutch defense"]
[ECO "A84"]
[Time "10:37:50"]
[TimeControl "2700+45"]

1. d4 f5 2. c4 Nf6 3. Nf3 d6 4. Nc3 e6 5. e3 Be7 6. Bd3 O-O 7. O-O c6 8. Re1 d5
9. Qc2 Ne4 10. Ne5 Qe8 11. Be2 Nd7 12. f4 Nxe5 13. fxe5 Qg6 14. Rf1 Ng5 15. Kh1
Bd7 16. Bd2 Rae8 17. c5 Ne4 18. Qd1 Qh6 19. Rf3 g6 20. Nxe4 fxe4 21. Rh3 Qg7 22.
Bh5 Rf5 23. Be2 Ref8 24. Kg1 Bg5 25. Be1 Qf7 26. Bh4 Bxh4 27. Rxh4 Qe7 28. Rh3
Rf2 29. Rh6 Kg7 {White resigns} 0-1

[Event "Team 45 45 League T39"]
[Site "Internet Chess Club"]
[Date "2008.11.16"]
[Round "4"]
[White "SeniorCitizen"]
[Black "AtomicDog"]
[Result "1-0"]
[WhiteElo "1386"]
[BlackElo "1510"]
[Opening "Sicilian: Taimanov variation"]
[ECO "B46"]
[Time "13:01:07"]
[TimeControl "2700+45"]

1. e4 c5 2. Nf3 Nc6 3. d4 cxd4 4. Nxd4 e6 5. Nc3 a6 6. Nb3 Be7 7. Bf4 d6 8. Bd3
Nf6 9. O-O O-O 10. Qc1 Qc7 11. Re1 b5 12. a3 Bd7 13. Ne2 Ne5 14. Ng3 Nxd3 15.
cxd3 Qb6 16. Be3 Qb8 17. Qd2 Rc8 18. Rec1 d5 19. Rxc8+ Qxc8 20. Rc1 Qd8 21. h3
a5 22. Bc5 Bxc5 23. Nxc5 Bc6 24. e5 Nd7 25. d4 Nxc5 26. Rxc5 Qb6 27. Nh5 h6 28.
Qe3 Kf8 29. Qf3 Rc8 30. Nxg7 Kxg7 31. Qf6+ Kg8 32. Qxh6 Qd8 33. Qf6 Qf8 34. Qg5+
Qg7 35. Qe7 Kh7 36. Qd6 Rg8 37. g3 Be8 38. Qe7 Qh6 39. Rc8 Qf4 40. Rxe8 Qc1+ 41.
Kg2 Qf4 42. Rxg8 Qe4+ 43. Kh2 Kxg8 44. Qg5+ Kh7 45. Qh5+ Kg8 46. Qg5+ Kh7 47.
Qh4+ Kg8 48. Qxe4 dxe4 49. g4 Kg7 50. Kg3 f5 51. exf6+ Kxf6 52. Kf4 Kg6 53. h4
Kf6 54. Kxe4 Ke7 55. Ke5 Kf7 {Black resigns} 1-0

[Event "Team 45 45 League T39"]
[Site "Internet Chess Club"]
[Date "2008.11.17"]
[Round "4"]
[White "chips"]
[Black "rshea11"]
[Result "1-0"]
[WhiteElo "1226"]
[BlackElo "1330"]
[Opening "Bird's opening"]
[ECO "A03"]
[Time "22:01:57"]
[TimeControl "2700+45"]

1. f4 d5 2. Nf3 Bg4 3. e3 Nf6 4. Be2 e6 5. Ne5 Bxe2 6. Qxe2 Nbd7 7. Nf3 Bd6 8.
Qb5 Qc8 9. Nc3 O-O 10. d4 a6 11. Qd3 c5 12. O-O cxd4 13. Nxd4 Nc5 14. Qe2 e5 15.
fxe5 Bxe5 16. Qd2 Nce4 17. Nxe4 Nxe4 18. Qd3 Qd7 19. Rf5 Rfe8 20. Rf3 Rac8 21.
c3 Qg4 22. Rh3 Bd6 23. Qe2 Qd7 24. Qh5 h6 25. Qxd5 Re5 26. Qb3 Rg5 27. Rf3 Rf8
28. Qc2 Qg4 29. Qe2 Qh5 30. h3 Ng3 31. Qf2 Ne4 32. Qe2 Re8 33. Nb3 Re6 34. Nd4
Reg6 35. g4 Rxg4+ 36. hxg4 Rxg4+ 37. Qg2 Rxg2+ 38. Kxg2 Qh2+ 39. Kf1 Ng3+ 40.
Ke1 Qh1+ 41. Kd2 Be5 42. Rxg3 Bxg3 43. b4 h5 44. Bb2 Qg2+ 45. Ne2 Bf2 46. Kd3 g5
47. c4 h4 48. b5 axb5 49. cxb5 h3 50. a4 h2 51. a5 h1=Q 52. Rxh1 Qxh1 53. a6
bxa6 54. bxa6 g4 55. a7 g3 56. e4 g2 57. a8=Q+ Kh7 58. Qh8+ Kg6 59. Qg7+ Kh5 60.
Nf4+ Kh4 61. Bf6# {Black checkmated} 1-0